 Dungeon Crawl Stone Soup version 0.18-a0-1347-gb9e2fb4 (webtiles) character file.

139 4thArraOfDagon the Conjurer (level 5, 0/31 HPs)
             Began as an Octopode Conjurer on Feb 17, 2016.
             Was a Believer of Cheibriados.
             Slain by Jessica
             ... wielding a +0 dagger
              (1 damage)
             ... on level 3 of the Dungeon.
             The game lasted 00:09:20 (1429 turns).

4thArraOfDagon the Conjurer (Octopode Conjurer)     Turns: 1429, Time: 00:09:21

Health: 0/31       AC:  1    Str: 15 (17) XL:     5   Next: 22%
Magic:  0/10       EV: 12    Int: 19 (22) God:    Cheibriados [**....]
Gold:   121        SH:  0    Dex: 14 (16) Spells: 2 memorised, 5 levels left

rFire  . . .     SeeInvis .     e - +2 hand axe (venom)
rCold  . . .     Gourm    .     (no shield)
rNeg   . . .     Faith    .     (helmet restricted)
rPois  .         Spirit   .     (no amulet)
rElec  .         Dismiss  .     (no ring)
rCorr  .         Reflect  .     (no ring)
SustAt .         Harm     .     (no ring)
MR     .....                    (no ring)
Stlth  +++.......               (no ring)
                                (no ring)
                                (no ring)
                                (no ring)

@: mighty, very slightly contaminated, very slow, not resistant to hostile
enchantments, fairly stealthy
A: almost no armour, amphibious, 8 rings, constrict 8, camouflage 1, gelatinous
body 1
a: Bend Time, Renounce Religion


You were on level 3 of the Dungeon.
You worshipped Cheibriados.
Cheibriados was pleased with you.
You were hungry.

You visited 1 branch of the dungeon, and saw 4 of its levels.

You collected 121 gold pieces.

Inventory:

Hand Weapons
 d - a cursed -2 dagger
 e - a +2 hand axe of venom (weapon)
Missiles
 h - 23 poisoned needles
Potions
 k - a potion of brilliance
Books
 a - a book of Conjurations

   Spells                             Type                      Level
   a - Magic Dart                     Conjuration                  1
   b - Searing Ray                    Conjuration                  2
   c - Dazzling Spray                 Conjuration/Hexes            3
   d - Fulminant Prism                Conjuration/Hexes            4
   e - Iskenderun's Mystic Blast      Conjuration                  4
   f - Iskenderun's Battlesphere      Conjuration/Charms           5
Comestibles
 b - a bread ration
 c - a meat ration
 j - a beef jerky


   Skills:
 - Level 2.0 Dodging
 - Level 2.6 Stealth
 + Level 3.3 Spellcasting
 * Level 5.5 Conjurations


You had 5 spell levels left.
You knew the following spells:

 Your Spells              Type           Power        Failure   Level  Hunger
a - Magic Dart            Conj           ###.         1%          1    None
b - Iskenderun's Mystic   Conj           ###.....     17%         4    ####...


Dungeon Overview and Level Annotations

Branches:
Dungeon (4/15)
 Temple: D:4-7

Altars:
Cheibriados
Fedhas
Makhleb
Trog
Vehumet

Annotations:
D:2 Robin
D:3 Jessica, Natasha
D:4 Dowan, Duvessa


Innate Abilities, Weirdness & Mutations

You cannot wear most types of armour.
You are amphibious.
You can wear up to eight rings at the same time.
You can use your tentacles to constrict eight enemies at once.
Your skin changes colour to match your surroundings (Stealth).
Your rubbery body absorbs attacks (AC +1).


Message History

* * * LOW HITPOINT WARNING * * *
Unknown command.
Casting: Magic Dart
Confirm with . or Enter, or press ? or * to list all spells.
Aiming: Magic Dart
Press: ? - help, Shift-Dir - straight line, f/p - Jessica
Aim: Jessica, wielding a dagger and wearing a robe (heavily wounded)
The magic dart hits Jessica.
Jessica is almost dead.
Unknown command.
Unknown command.
Quiver which item? (- for none, * to show all) (? for menu, Esc to quit)
Quivering
f - a +0 spear for throwing.
Tossing away (i - inventory):
f - a +0 spear (quivered)
Press: ? - help, Shift-Dir - straight line, f/p - Jessica
Aim: Jessica, wielding a dagger and wearing a robe (almost dead)
You toss away a +0 spear.
The +0 spear barely misses Jessica.
Unknown command.
Jessica hits you with a dagger.
You die...

######
#.@..########
#@##........#
#...######.###
#. #.....# #.#
#.#.......# #.#
#....._..... #.#
#.#.......#....#
#.##..)..#####.#
#.# #..##...##
#.# #.#


You could see Jessica.

Vanquished Creatures
  A hound (D:4)
  5 adders
  10 orcs
  7 goblins
  9 hobgoblins
  2 jackals (D:1)
  3 kobolds
  A quokka (D:2)
  9 bats
  2 giant newts (D:2)
  8 rats
57 creatures vanquished.

Notes
Turn   | Place    | Note
--------------------------------------------------------------
     0 | D:1      | 4thArraOfDagon the Octopode Conjurer began the quest for the Orb.
     0 | D:1      | Reached XP level 1. HP: 11/11 MP: 3/3
    72 | D:1      | rotfl
    72 | D:1      | game doesn't want me to win
   177 | D:1      | Reached XP level 2. HP: 10/17 MP: 3/5
   308 | D:3      | Noticed Natasha
   437 | D:3      | Found a snail-covered altar of Cheibriados.
   449 | D:3      | Reached XP level 3. HP: 19/21 MP: 2/6
   503 | D:3      | Found a burning altar of Makhleb.
   532 | D:3      | lets
   532 | D:3      | ummm
   532 | D:3      | ....
   537 | D:3      | Became a worshipper of Cheibriados the Contemplative
   538 | D:3      | hardmode
   555 | D:2      | Noticed Robin
   729 | D:1      | You fall through a shaft!
   786 | D:2      | Reached * piety under Cheibriados
   793 | D:2      | Found a radiant altar of Vehumet.
   795 | D:2      | now...
   798 | D:2      | Reached skill level 5 in Conjurations
   798 | D:2      | Reached XP level 4. HP: 25/27 MP: 1/8
   841 | D:2      | Learned a level 4 spell: Iskenderun's Mystic Blast
   882 | D:2      | Found a blossoming altar of Fedhas.
  1016 | D:3      | Noticed Jessica
  1016 | D:3      | Noticed a phantom
  1330 | D:4      | Reached XP level 5. HP: 22/31 MP: 5/9
  1342 | D:4      | Noticed Duvessa
  1342 | D:4      | Noticed Dowan
  1342 | D:4      | Noticed an ogre
  1400 | D:3      | Found a bloodstained altar of Trog.
  1417 | D:3      | Reached ** piety under Cheibriados
  1426 | D:3      | HP: 1/31 [Jessica/nerve-wracking pain (6)]
  1429 | D:3      | Slain by Jessica

Vault maps used:
D:1:      dpeg_arrival_stone_temple_mockup
D:2:      lemuel_round_altar, nicolae_overflow_crystal_walls, st_stairs_10,
          minmay_cut_off, uniq_robin
D:3:      lightli_temple_of_fire, lemuel_round_altar, cheibriados_altar_1,
          uniq_natasha, uniq_jessica
D:4:      uniq_blork_the_orc, uniq_crazy_yiuf_cottage, uniq_duvessa

Action                   |  1- 3 |  4- 6 || total
-------------------------+-------+-------++-------
Melee: Spear             |    39 |    16 ||    55
 Cast: Magic Dart        |    51 |    38 ||    89
       Iskenderun's Myst |       |     2 ||     2
  Use: Scroll            |       |     7 ||     7
       Potion            |       |     2 ||     2
 Stab: Sleeping          |     2 |     1 ||     3
  Eat: Chunk             |       |     1 ||     1
